 Dungeon Crawl Stone Soup version 0.31-a0-532-g28f74ba3e5 (webtiles) character file.

Game seed: 11638024315210605076

81506 WhatIsLove the Warrior (level 15, 0/149 HPs)
             Began as a Hill Orc Monk on Aug 12, 2023.
             Was an Elder of Beogh.
             Killed from afar by a purple draconian annihilator (14 damage)
             ... with a bolt of dispelling energy
             ... in a wizard's laboratory.
             The game lasted 01:01:47 (26107 turns).

WhatIsLove the Warrior (Hill Orc Monk)             Turns: 26107, Time: 01:01:47

Health: 0/149      AC: 19    Str: 22    XL:     15   Next: 70%
Magic:  8/19       EV: 16    Int: 14    God:    Beogh [****..]
Gold:   2775       SH: 26    Dex: 21    Spells: 14/14 levels left

rFire   + . .        H - +1 war axe (vamp)
rCold   . . .        E - +0 tower shield
rNeg    + . .        a - +4 ring mail of the Thirsty Curses {Regen+ rCorr Int+4 Dex+3}
rPois   .            e - +0 helmet
rElec   .            p - +0 cloak
rCorr   +            y - +2 pair of gloves
SInv    .            F - +0 pair of boots
Will    ++...        L - amulet of reflection
Stlth   +            P - ring of Jekhleizi {Drain rF+ rN+ Will+ Dex+5}
HPRegen 1.24/turn    f - +5 ring of evasion
MPRegen 0.16/turn

%: reflection
@: no status effects
A: no striking features
a: Renounce Religion, Smiting, Recall Orcish Followers


You were in a wizard's laboratory.
You worshipped Beogh.
Beogh was greatly pleased with you.
You visited 4 branches of the dungeon, and saw 23 of its levels.
You also visited: Ice Cave and Wizlab.

You collected 2979 gold pieces.
You spent 204 gold pieces at shops.

Inventory:

Hand Weapons
 H - a +1 vampiric war axe (weapon)
Missiles
 r - 6 boomerangs (quivered)
 C - a throwing net
 G - 10 curare-tipped darts
 R - 9 silver javelins
Armour
 a - the +4 ring mail of the Thirsty Curses (worn) {Regen+ rCorr Int+4 Dex+3}
   (You bought it in a shop on level 2 of the Orcish Mines)

   Int+4:     It affects your intelligence (+4).
   Dex+3:     It affects your dexterity (+3).
   Regen+:    It increases your rate of health regeneration.
   rCorr:     It protects you from acid and corrosion.
 e - a +0 helmet (worn)
 p - a +0 cloak (worn)
 y - a +2 pair of gloves (worn)
 E - a +0 tower shield (worn)
 F - a +0 pair of boots (worn)
Jewellery
 f - a +5 ring of evasion (right hand)
 L - an amulet of reflection (around neck)
 N - a ring of fire
 P - the ring of Jekhleizi (left hand) {Drain rF+ rN+ Will+ Dex+5}
   (You found it in an ice cave)

   [ring of protection from fire]

   Dex+5:     It affects your dexterity (+5).
   rF+:       It protects you from fire.
   rN+:       It protects you from negative energy.
   Will+:     It increases your willpower.
   Drain:     It drains your maximum health when unequipped.
Wands
 o - a wand of flame (12)
 U - a wand of quicksilver (1)
 Z - a wand of iceblast (15)
Scrolls
 b - 5 scrolls of enchant weapon
 i - 4 scrolls of vulnerability
 k - 14 scrolls of teleportation
 l - 4 scrolls of immolation
 q - 8 scrolls of revelation
 u - 7 scrolls of fear
 v - 2 scrolls of poison
 w - 3 scrolls of torment
 A - 2 scrolls of brand weapon
 O - 3 scrolls of summoning
 T - 5 scrolls of blinking
 V - 3 scrolls of fog
 X - 2 scrolls of enchant armour
Potions
 c - 3 potions of ambrosia
 h - 2 potions of berserk rage
 j - a potion of might
 m - a potion of resistance
 n - 6 potions of curing
 s - 6 potions of heal wounds
 t - 6 potions of degeneration {unknown}
 x - 5 potions of cancellation {unknown}
 B - 8 potions of haste {unknown}
 D - 3 potions of mutation {unknown}
 K - 4 potions of attraction {unknown}
 M - 3 potions of enlightenment {unknown}
 W - a potion of magic {unknown}
Miscellaneous
 d - a condenser vane
 z - a box of beasts
 I - a lightning rod (4/4)
 S - a phantom mirror


   Skills:
 + Level 17.8 Fighting
 - Level 16.0 Axes
 + Level 5.4 Throwing
 + Level 11.5 Armour
 - Level 2.4 Dodging
 + Level 16.5 Shields
 * Level 6.2 Invocations
 + Level 1.2 Evocations


You had 14 spell levels left.
You didn't know any spells.
Your spell library contained the following spells:

 Spells                   Type           Power      Damage    Failure   Level
 Kiss of Death            Conj/Necr      0%         2d5       67%         1
 Sting                    Tmut/Pois      0%         1d3       67%         1
 Blink                    Tloc           0%         N/A       82%         2
 Poisonous Vapours        Pois/Air       0%         N/A       82%         2
 Scorch                   Fire           0%         2d5       82%         2
 Mephitic Cloud           Conj/Pois/Air  0%         N/A       96%         3
 Vampiric Draining        Necr           0%         2d6       96%         3
 Flame Wave               Conj/Fire      0%         2d4       100%        4
 Leda's Liquefaction      Hex/Erth       0%         N/A       100%        4
 Manifold Assault         Tloc           0%         N/A       100%        4
 Olgreb's Toxic Radiance  Pois           0%         N/A       100%        4
 Freezing Cloud           Conj/Ice/Air   0%         6-21      100%        5
 Lee's Rapid Deconstruct  Erth           0%         3d4*      100%        5
 Death Channel            Necr           0%         N/A       100%        6
 Leda's Unmaking          Conj/Erth      0%         9d1       100%        6
 Summon Cactus Giant      Summ           0%         N/A       100%        6
 Infestation              Necr           0%         N/A       100%        8


Dungeon Overview and Level Annotations

Branches:
Dungeon (15/15) Temple (0/1) D:7 Lair (5/5) D:9 Shoals (0/4) Lair:2 Snake (0/4) Lair:2 Lair:3 Slime (0/5) Lair:5 Orc (2/2) D:10 Elf (0/3) Orc:2 Vaults (0/5) D:13 Depths (1/4) D:15 IceCv (visited) WizLab (1/1)

Altars:
Gozag
Kikubaaqudgha
Xom
Beogh
Jiyva

Shops:
D:7 =   D:8 (   D:12 [   D:13 (   D:14 :   Orc:2 ([[?=

Portals:
Hell: Depths:1

Annotations:
D:4 3 runed translucent doors, Vorhees's ghost, amateur GnSh
D:8 4 runed translucent doors
D:12 exclusions: lindwurm and 4 more exclusions


Message History

Press: ? - help, Q - select action, (/) - cycle Shift-Dir - straight line, f - purple draconian annihilator
Aim: a purple draconian annihilator, wielding a +0 dagger and wearing a +0 cloak (moderately wounded, 70% to hit)
You throw a boomerang.
The boomerang hits the purple draconian annihilator.
The purple draconian annihilator is moderately wounded.
The purple draconian annihilator casts a spell.
The purple draconian annihilator blinks!
You hit the purple draconian annihilator.
You feel better.
The purple draconian annihilator is moderately wounded.
The purple draconian annihilator points at you and mumbles some strange words.
The bolt of lightning hits you!!!
* * * LOW HITPOINT WARNING * * *
You hear a shout!
Okay, then.
Aiming: Smiting
Press: ? - help, Dir - move target, f/p - purple draconian annihilator Smite: a purple draconian annihilator, wielding a +0 dagger and wearing a +0 cloak (moderately wounded)
You smite the purple draconian annihilator!!
The purple draconian annihilator is heavily wounded.
The purple draconian annihilator casts a spell.
The purple draconian annihilator blinks!
Aiming: Smiting
Press: ? - help, Dir - move target, f/p - purple draconian annihilator Smite: a purple draconian annihilator, wielding a +0 dagger and wearing a +0 cloak (heavily wounded)
You smite the purple draconian annihilator!
The purple draconian annihilator is severely wounded.
You can no longer walk on water.
You can no longer give items to your followers.
The purple draconian annihilator breathes dispelling energy at you.
The bolt of dispelling energy hits you!!!
* * * LOW HITPOINT WARNING * * *
Aiming: Smiting
Press: ? - help, Dir - move target, f/p - purple draconian annihilator Smite: a purple draconian annihilator, wielding a +0 dagger and wearing a +0 cloak (severely wounded)
You smite the purple draconian annihilator!!
The purple draconian annihilator is almost dead.
The purple draconian annihilator breathes dispelling energy at you.
The bolt of dispelling energy hits you!
You die...

..###.#........#
..q.'.........#. .
#.#........# ##.
#.##......§#. ..#.
##.#........§.## .# #.
##.###........#.# ..#.#.
##[#.#..........##
...#.#.#####.#.#.)........#.#
....###.....###.o..q.......##
.....#.##.##.#............#.#
.......#...#...............#
........)..[..............#.#
.......§.§§§§............#.##
.....[§§.§§§§...........§####
.......§.#.§§..........##.#§#
#.#.#.#.#.#§#§#.#.#.#.#.##.##
.#.#.#§##§##.#.#.#.#.#.##§##


You could see a purple draconian annihilator (catching breath).

Vanquished Creatures
  A golden dragon (IceCv)
  A frost giant (Depths:1)
  The ghost of Sauxt the Earth Mage, a journeyman GrEE of Gozag (D:14)
  3 purple draconians (WizLab)
  Snorg (D:14)
  5 statues (WizLab)
  5 ice dragons (IceCv)
  2 centaur warriors
  A death knight (D:14)
  A catoblepas (Lair:5)
  A vampire mage (D:15)
  3 two-headed ogres
  A spriggan berserker (Depths:1)
  A deep elf knight (D:13)
  A death drake (shapeshifter) (D:15)
  A wizard (D:15)
  An orange crystal statue (IceCv)
  2 deep elf zephyrmancers (D:13)
  An ugly thing (D:12)
  A salamander (shapeshifter) (D:14)
  2 cyclopes
  A manticore (D:11)
  2 elephants (Lair:1)
  A cane toad (shapeshifter) (D:14)
  A black mamba (Lair:2)
  A gargoyle (D:13)
  4 storm dragon simulacra (IceCv)
  3 cane toads
  An unseen horror (D:11)
  5 golden dragon simulacra (IceCv)
  A komodo dragon (Lair:5)
  A yaktaur (D:13)
  3 rime drakes
  A spriggan skeleton (D:15)
  3 polar bears (D:11)
  4 trolls
  12 tengu conjurers
  A hornet (D:7)
  Prince Ribbit (D:8)
  A shadow (D:8)
  10 slime creatures
  7 yaks
  A wraith (D:11)
  Grum (D:8)
  4 vampire mosquitoes
  A harpy simulacrum (D:11)
  4 water moccasins
  7 orc warriors
  5 ice beasts
  6 black bears
  4 ice dragon simulacra (IceCv)
  3 wolves (D:8)
  10 centaurs
  2 phantoms
  2 kobold brigands
  5 bullfrogs
  A gnoll sergeant (D:8)
  3 scorpions
  An entropy weaver simulacrum (D:11)
  8 wights
  5 killer bees
  8 lindwurm simulacra (IceCv)
  4 howler monkeys
  7 hounds
  A gnoll bouda (D:5)
  4 jellies
  3 orc priests
  6 iguanas
  9 orc wizards
  7 adders
  9 gnolls
  2 naga simulacra (D:11)
  4 white imps
  A worm (D:3)
  2 dart slugs (D:1)
  30 orcs
  14 endoplasms
  5 giant cockroaches
  7 goblins
  9 hobgoblins
  26 kobolds
  2 quokkas
  5 ball pythons
  4 bats
  3 frilled lizards
  6 rats
351 creatures vanquished.

Vanquished Creatures (collateral kills)
  A sphinx (D:15)
  Frances (D:14)
  Kirke (D:13)
  A stone giant (D:15)
  The ghost of Magasuts the Blocker, a journeyman GnFi of Gozag (Lair:4)
  2 fire dragons
  A deep elf high priest (D:14)
  A yaktaur captain (D:14)
  5 hydras
  A boulder beetle (D:13)
  2 centaur warriors
  2 ice dragons
  2 catoblepae (Lair:5)
  7 death yaks
  5 two-headed ogres
  4 tengu warriors
  2 orc high priests (Orc:2)
  A dancing weapon (D:14)
  Urug (Lair:4)
  A sun demon (D:14)
  Sonja (Lair:3)
  A skyshark (Lair:4)
  2 skeletal warriors (D:15)
  A tengu zombie (D:15)
  A necromancer (D:15)
  An orc knight (D:15)
  A fire giant zombie (D:15)
  5 ugly things
  A deep elf zephyrmancer (D:13)
  3 orc sorcerers (Orc:2)
  5 manticores
  A stone giant zombie (D:15)
  A cyclops (D:13)
  4 elephants (Lair:1)
  A black mamba (Lair:4)
  A gargoyle (D:12)
  12 cane toads
  4 komodo dragons
  An efreet (D:14)
  3 yaktaurs (D:13)
  8 rime drakes
  A freezing wraith (D:11)
  A kobold demonologist (D:12)
  An ice devil (D:14)
  A tengu conjurer (D:15)
  3 trolls
  2 hornets
  3 polar bears
  5 dream sheep (Lair:5)
  6 slime creatures
  4 wyverns
  A yak (shapeshifter) (D:15)
  30 yaks
  3 basilisks
  6 hogs (D:13)
  2 wraiths
  A death yak simulacrum (D:11)
  2 wargs
  3 nagas (Lair:2)
  An acid dragon (D:11)
  9 water moccasins
  7 orc warriors
  4 ice beasts
  An ogre (D:13)
  8 centaurs
  4 wolves
  3 kobold brigands
  9 bullfrogs
  A gnoll sergeant (D:8)
  9 wights
  3 killer bees (D:11)
  3 electric eels
  4 crimson imps (D:14)
  3 howler monkeys
  4 orc priests
  4 sleepcaps (D:7)
  8 orc wizards
  A wolf simulacrum (D:11)
  5 white imps
  16 orcs
  4 kobolds
286 creatures vanquished.

Vanquished Creatures (others)
  An orc knight (Lair:5)
  An ogre mage (D:13)
  An orc high priest (Lair:2)
  2 orc sorcerers
  6 orc warriors
  4 tengu conjurers (WizLab)
  A redback (D:14)
  A human (D:9)
  A kobold brigand (D:8)
  47 orcs
  9 orc priests
  10 orc wizards
84 creatures vanquished.

Grand Total: 721 creatures vanquished

Notes
Turn   | Place    | Note
-------+----------+-------------------------------------------
     0 | D:1      | WhatIsLove the Hill Orc Monk began the quest for the Orb.
     0 | D:1      | Reached XP level 1. HP: 19/19 MP: 1/1
    62 | D:1      | Found a faded altar of an unknown god.
   132 | D:1      | Reached skill level 4 in Fighting
   161 | D:1      | Reached XP level 2. HP: 25/27 MP: 2/2
   722 | D:1      | Reached XP level 3. HP: 31/35 MP: 3/3
  1091 | D:2      | Reached skill level 5 in Fighting
  1487 | D:2      | Found an ancient bone altar of Kikubaaqudgha.
  1786 | D:3      | Noticed a black bear
  1790 | D:3      | Reached XP level 4. HP: 44/44 MP: 4/4
  1797 | D:3      | Killed a black bear
  1798 | D:3      | Reached skill level 7 in Fighting
  1798 | D:3      | Reached XP level 5. HP: 19/52 MP: 5/5
  2606 | D:3      | Reached XP level 6. HP: 33/61 MP: 6/6
  2885 | D:4      | Found a runed translucent gate.
  2892 | D:4      | Found a runed translucent gate.
  2892 | D:4      | Found a runed translucent gate.
  2894 | D:4      | Found an opulent altar of Gozag.
  2915 | D:4      | Reached skill level 8 in Fighting
  3007 | D:4      | Noticed a black bear
  3025 | D:4      | Killed a black bear
  3035 | D:4      | Reached skill level 9 in Fighting
  3529 | D:4      | Noticed an orc warrior
  3529 | D:4      | Noticed Vorhees's ghost (amateur GnSh)
  3684 | D:4      | Reached XP level 7. HP: 63/70 MP: 7/7
  3870 | D:5      | Entered Level 5 of the Dungeon
  4154 | D:4      | Reached skill level 10 in Fighting
  4410 | D:5      | Became a worshipper of Beogh the Brigand
  4410 | D:5      | Reached * piety under Beogh
  4410 | D:5      | Reached ** piety under Beogh
  4867 | D:5      | Reached skill level 11 in Fighting
  4867 | D:5      | Reached XP level 8. HP: 29/82 MP: 8/8
  5284 | D:6      | Reached skill level 12 in Fighting
  5549 | D:6      | Reached skill level 1 in Armour
  5759 | D:6      | Noticed a troll
  5804 | D:6      | Reached skill level 13 in Fighting
  5818 | D:6      | Noticed a yak
  5835 | D:6      | Killed a yak
  5836 | D:6      | Reached XP level 9. HP: 68/93 MP: 9/9
  5845 | D:6      | Killed a troll
  6427 | D:7      | Reached skill level 14 in Fighting
  6517 | D:7      | Reached *** piety under Beogh
  6520 | D:7      | Found a staircase to the Ecumenical Temple.
  6695 | D:7      | Reached skill level 5 in Axes
  6815 | D:7      | Found Toimid's Jewellery Shop.
  6956 | D:7      | Noticed a hornet
  6963 | D:7      | Paralysed by a hornet for 1 turns
  6969 | D:7      | Killed a hornet
  7305 | D:7      | Gained Morguth as an ally
  7381 | D:8      | Noticed Prince Ribbit
  7437 | D:8      | Your ally Morguth died
  7661 | D:8      | Killed Prince Ribbit
  7662 | D:8      | Reached skill level 5 in Armour
  7664 | D:8      | Reached XP level 10. HP: 86/104 MP: 10/10
  7802 | D:8      | Reached skill level 1 in Shields
  8244 | D:8      | Noticed Grum
  8260 | D:8      | Killed Grum
  8321 | D:8      | Found Pistin's Weapon Shoppe.
  8395 | D:8      | Found a large runed translucent door.
  8395 | D:8      | Found a large runed translucent door.
  8436 | D:8      | Reached **** piety under Beogh
  8459 | D:8      | Noticed a centaur warrior
  8495 | D:8      | Found a large runed translucent door.
  8495 | D:8      | Found a large runed translucent door.
  8550 | D:8      | Noticed a cyclops
  8560 | D:8      | Killed a cyclops
  9027 | D:9      | Noticed a two-headed ogre
  9036 | D:8      | Reached skill level 15 in Fighting
  9046 | D:8      | Killed a two-headed ogre
  9047 | D:8      | Reached skill level 10 in Axes
  9063 | D:8      | Reached skill level 5 in Shields
  9063 | D:8      | Reached XP level 11. HP: 112/112 MP: 11/11
  9070 | D:9      | Gained Borgoth as an ally
  9185 | D:9      | Found a staircase to the Lair.
  9609 | D:9      | Found an ancient bone altar of Kikubaaqudgha.
  9851 | Lair:1   | Entered Level 1 of the Lair of Beasts
  9916 | Lair:1   | Reached ***** piety under Beogh
 10368 | Lair:2   | Found a staircase to the Snake Pit.
 10480 | Lair:2   | Noticed a seven-headed hydra
 10499 | Lair:2   | Killed a ten-headed hydra
 10691 | D:10     | Entered Level 10 of the Dungeon
 10799 | D:10     | Noticed a centaur warrior
 10809 | D:10     | Killed a centaur warrior
 10936 | D:10     | Found a staircase to the Orcish Mines.
 11240 | Orc:1    | Entered Level 1 of the Orcish Mines
 11241 | Orc:1    | Noticed a two-headed ogre
 11248 | D:10     | Killed a two-headed ogre
 11553 | Orc:2    | Entered Level 2 of the Orcish Mines
 11553 | Orc:2    | Found a staircase to the Elven Halls.
 11837 | Orc:2    | Found a roughly hewn altar of Beogh.
 12021 | Orc:2    | Found a roughly hewn altar of Beogh.
 12100 | Orc:2    | Found Suri Wing's Magic Scroll Shoppe.
 12101 | Orc:2    | Noticed an orc sorcerer
 12106 | Orc:2    | Killed an orc sorcerer
 12110 | Orc:2    | Bought a scroll of teleportation for 42 gold pieces
 12143 | Orc:2    | Found a roughly hewn altar of Beogh.
 12151 | Orc:2    | Reached XP level 12. HP: 121/121 MP: 9/12
 12290 | Orc:2    | Found a roughly hewn altar of Beogh.
 12445 | Orc:2    | Noticed an orc warlord
 13149 | D:11     | Noticed an ice dragon
 13291 | Lair:2   | Found a staircase to the Shoals.
 13385 | Lair:2   | Gained Koronagh as an ally
 13653 | Lair:2   | Reached ****** piety under Beogh
 13960 | Lair:3   | Noticed Sonja
 13965 | Lair:3   | Killed Sonja
 14076 | Lair:3   | Gained Hilgar as an ally
 14083 | Lair:3   | Reached skill level 1 in Throwing
 14165 | Lair:3   | Gained Koronagh as an ally
 14940 | Lair:4   | Reached skill level 10 in Shields
 15145 | Lair:4   | Found a runed translucent door.
 15693 | Lair:4   | Noticed Magasuts's ghost (journeyman GnFi)
 15712 | Lair:4   | Killed Magasuts's ghost
 15771 | Lair:5   | Entered Level 5 of the Lair of Beasts
 15819 | Lair:5   | Noticed a death yak
 15823 | Lair:5   | Noticed a seven-headed hydra
 15824 | Lair:5   | Noticed a death yak
 15827 | Lair:4   | Killed a death yak
 15829 | Lair:5   | Noticed a skyshark
 15830 | Lair:5   | Noticed a death yak
 15832 | Lair:4   | Killed an eight-headed hydra
 15838 | Lair:4   | Reached XP level 13. HP: 119/128 MP: 13/13
 15841 | Lair:5   | Noticed Urug
 16033 | Lair:4   | Killed Urug
 16167 | Lair:5   | Found a staircase to the Slime Pits.
 16170 | Lair:5   | Reached skill level 10 in Armour
 16222 | Lair:5   | Your ally Borgoth died
 16385 | Lair:5   | Gained Bladwarg as an ally
 16409 | Lair:5   | Reached skill level 16 in Fighting
 16431 | Lair:5   | Found a viscous altar of Jiyva.
 16605 | Lair:5   | Reached skill level 1 in Invocations
 16682 | Lair:5   | Reached skill level 15 in Axes
 16770 | Lair:5   | Identified the +1 mace of Wommin {spect, rCorr Str-4 Dex+7}
 17482 | Orc:2    | Found Keips's Antique Armour Shop.
 17483 | Orc:2    | Found a roughly hewn altar of Beogh.
 17485 | Orc:2    | Found Vagup's Antique Weapon Boutique.
 17503 | Orc:2    | Bought a twisted ring mail for 162 gold pieces
 17503 | Orc:2    | Identified the +4 ring mail of the Thirsty Curses {Regen+
                  | rCorr Int+4 Dex+3} (You bought it in a shop on level 2 of
                  | the Orcish Mines)
 17588 | Orc:2    | Found a roughly hewn altar of Beogh.
 17592 | Orc:2    | Found Deutuim's Antique Armour Boutique.
 17684 | Orc:2    | Found a roughly hewn altar of Beogh.
 17685 | Orc:2    | Found Unti's Jewellery Emporium.
 18106 | D:11     | Killed an ice dragon
 18500 | D:12     | Gained Agrik as an ally
 18595 | D:12     | Found Suckuequ's Armour Emporium.
 18929 | D:12     | Gained Brandogh as an ally
 19131 | D:12     | Your ally Brandogh died
 19162 | D:13     | Reached XP level 14. HP: 138/138 MP: 12/15
 19261 | D:13     | Noticed Kirke
 19281 | D:13     | Killed Kirke
 19349 | D:13     | Found Vups's Weapon Emporium.
 19621 | D:13     | Gained Grimold as an ally
 19626 | D:13     | Gained Bogwald as an ally
 19710 | D:13     | Identified the +2 robe "Yphos" {rPois rC+ Dex-2}
 19952 | D:13     | Found a gate to the Vaults.
 20276 | D:14     | Found a frozen archway.
 20301 | IceCv    | Entered an ice cave
 21731 | IceCv    | Noticed a golden dragon
 21746 | IceCv    | Killed a golden dragon
 21747 | IceCv    | Reached skill level 17 in Fighting
 21747 | IceCv    | Reached skill level 1 in Evocations
 22289 | IceCv    | Identified the ring of Jekhleizi {Drain rF+ rN+ Will+
                  | Dex+5}
 22787 | D:14     | Noticed Snorg
 22816 | D:14     | Killed Snorg
 22851 | D:14     | Reached skill level 15 in Shields
 22930 | D:14     | Noticed Frances
 23002 | D:14     | Killed Frances
 23119 | D:14     | Found a runed translucent door.
 23119 | D:14     | Found a shimmering altar of Xom.
 23119 | D:14     | Noticed Sauxt's ghost (journeyman GrEE)
 23140 | D:14     | Killed Sauxt's ghost
 23274 | D:14     | Found Jeada's Book Shoppe.
 23312 | D:14     | Got the Vellum of Spectres
 23344 | D:14     | Reached XP level 15. HP: 67/147 MP: 18/18
 23369 | D:14     | Identified the +1 long sword "Earthworm" {elec, rN+ Str-5
                  | Stlth+}
 23485 | D:14     | Gained Rocco as an ally
 23678 | D:15     | Entered Level 15 of the Dungeon
 23782 | D:15     | Found a staircase to the Depths.
 23791 | D:15     | Reached skill level 5 in Invocations
 23810 | D:15     | Gained Brunolf as an ally
 24678 | Depths:1 | Entered Level 1 of the Depths
 24680 | Depths:1 | Noticed a sphinx
 24700 | Depths:1 | Paralysed by a sphinx for 4 turns
 24706 | D:15     | Killed a sphinx
 24734 | Depths:1 | Found a gateway to Hell.
 24885 | Depths:1 | Noticed a frost giant
 24893 | Depths:1 | Killed a frost giant
 24959 | Depths:1 | Found a magical portal.
 24967 | WizLab   | Entered Iskenderun's Mystic Tower
 25845 | WizLab   | Reached skill level 5 in Throwing
 26107 | WizLab   | Killed from afar by a purple draconian annihilator

Illustrated notes

Levels and vault maps discovered:
D:1:      dpeg_arrival_leaves_temple_mockup, layout_basic,
          hellmonk_ecumenical_altar_blasted
D:2:      layout_basic, basic_altar
D:3:      cheibrodos_fertilizer, layout_basic, minmay_box_of_dots
D:4:      layout_gridville, ebering_ghost_gozag
D:5:      layout_cave_pools, kennysheep_flooded_box, serial_bayou_pond_d
D:6:      minmay_chambers_of_sixes, layout_rooms
D:7:      layout_basic, minmay_temple_entry_purple_smoke, serial_shops,
          kennysheep_mini_moat, hellmonk_no_cap
D:8:      layout_basic, serial_shops, nicolae_shop_peninsula,
          minmay_hollow_rounded_squares, uniq_prince_ribbit1, uniq_grum
D:9:      layout_irregular_city, tgw_kikubaaqudgha, hellmonk_lair_entry_icy
D:10:     minmay_flawed_box, layout_gridville
D:11:     dreamdust_isle_of_ice, layout_basic
D:12:     layout_long_grid, serial_shops,
          nicolae_shop_temple_entry_statues_fountains, minmay_splitting_lines,
          hex_tiny, minmay_lindwurm_lava
D:13:     layout_gridville, hangedman_vaults_entry_quadrant_bands, serial_shops,
          shop, uniq_kirke
D:14:     kennysheep_bubble_arena, layout_grid_maze, skrybe_limestone_x,
          serial_shops, shop, ebering_ghost_xom,
          portal_ice_cave_entry_pillars_1, minmay_fire_ice_demons, uniq_frances,
          uniq_snorg
D:15:     gammafunk_depths_entry_grave, layout_cave_pods, bh_walls_and_bars
Lair:1:   layout_big_grid, grunt_megastairs_5
Lair:2:   layout_gridlike, minmay_shoals_entry_centaurs,
          minmay_snake_entry_guardpost_small, minivault_19
Lair:3:   layout_gridlike, fungi_pond_lemuel, grunt_megastairs_3, uniq_sonja
Lair:4:   layout_regular_city, ebering_ghost_reflecting_pool, grunt_megastairs_4
Lair:5:   evilmike_catoblepas_cave, layout_loops_ring, slime_entry_1, uniq_urug
Orc:1:    layout_caves
Orc:2:    grunt_orc_community_town_hall, layout_diamond_mine,
          grunt_orc_community_big_house_1, grunt_orc_community_big_house_2,
          grunt_orc_community_house_2, grunt_orc_community_house_2,
          grunt_orc_community_house_2, grunt_orc_community_house_3,
          grunt_orc_community_house_3, serial_shops, shop
Depths:1: layout_gridlike, enter_ziggurat_a, hell_entry, mu_enter_wizlab_7,
          minmay_misc_feat_rugged, gammafunk_ghost_arena, kennysheep_crisscross,
          st_stairs_2, evilmike_butchery
WizLab:   wizlab_iskenderun

Skill      XL: |  1  2  3  4  5  6  7  8  9 10 11 12 13 14 15 |
---------------+----------------------------------------------+-----
Fighting       | 4 5 7 9 11 13 14 15 16 17 | 17.8
Armour         | 2 5 6 8 9 10 11 | 11.5
Axes           | 6 10 12 14 15 16 | 16.0
Shields        | 5 8 10 12 15 16 | 16.5
Throwing       | 1 3 5 |  5.4
Invocations    | 2 4 6 |  6.2
Evocations     | 1 |  1.2
Dodging        | |  2.4

Action                     |  1- 3 |  4- 6 |  7- 9 | 10-12 | 13-15 || total
---------------------------+-------+-------+-------+-------+-------++-------
  Melee: Hand axe          |    95 |   133 |    43 |       |       ||   271
         Dagger            |       |    31 |   161 |       |       ||   192
         War axe           |       |       |   134 |   465 |   681 ||  1280
         Unarmed           |       |       |       |       |    12 ||    12
  Throw: Boomerang         |       |       |       |    15 |   350 ||   365
 Invoke: Convert to Beogh  |       |       |     1 |       |       ||     1
         Recall Orcish Fol |       |       |       |    31 |    53 ||    84
         Stop Recall       |       |       |       |     1 |     4 ||     5
         Resurrection      |       |       |       |       |     2 ||     2
         Smiting           |       |       |       |       |    19 ||    19
  Evoke: Wand              |       |     3 |       |     1 |    12 ||    16
         Phantom mirror    |       |       |       |       |     2 ||     2
         Lightning rod     |       |       |       |       |     4 ||     4
         Box of beasts     |       |       |       |       |     1 ||     1
         Condenser vane    |       |       |       |       |     1 ||     1
    Use: Scroll            |       |       |       |    16 |     7 ||    23
         Potion            |       |       |       |       |     3 ||     3
   Stab: Distracted        |       |       |       |     8 |    18 ||    26
         Confused          |       |       |       |     2 |       ||     2
 Armour: Robe              |    18 |    14 |       |       |       ||    32
         Ring mail         |       |    40 |    97 |       |   143 ||   280
         Scale mail        |       |       |   120 |     1 |       ||   121
         Plate armour      |       |       |       |   279 |    54 ||   333
         Ice dragon scales |       |       |       |       |   110 ||   110
  Dodge: Dodged            |    52 |   106 |   245 |    67 |   212 ||   682
  Block: Tower shield      |       |       |     9 |   612 |   937 ||  1558
         Reflection        |       |       |       |    37 |    47 ||    84

Table legend: (Time is in decaauts)
 A = Elapsed time spent in this place.
 B = Non-inter-level travel time spent in this place.
 C = Inter-level travel time spent in this place.
 D = Time resting spent in this place.
 E = Time spent auto-exploring this place.
 F = Levels seen in this place.
 G = Mean time per level.
                   A        B        C        D        E       F      G
               +--------+--------+--------+--------+--------+-----+--------+
         Total |  26377 |  25026 |   1351 |   2415 |  15766 |  25 | 1055.1 |
       Dungeon |  15998 |  15196 |    802 |    557 |  10975 |  15 | 1066.5 |
          Lair |   4785 |   4502 |    283 |    141 |   3209 |   5 |  957.0 |
  Orcish Mines |   2070 |   1883 |    187 |      0 |   1267 |   2 | 1035.0 |
        Depths |    277 |    199 |     78 |      0 |     83 |   1 |  277.0 |
      Ice Cave |   2055 |   2055 |      0 |   1323 |    219 |   1 | 2055.0 |
        Wizlab |   1189 |   1189 |      0 |    392 |     13 |   1 | 1189.0 |
               +--------+--------+--------+--------+--------+-----+--------+

Top non-repeatable levels by time:
   IceCv: 2055 daAuts
     D:8: 1527 daAuts
   Orc:2: 1465 daAuts
    D:13: 1325 daAuts
     D:7: 1309 daAuts
     D:3: 1271 daAuts
     D:4: 1237 daAuts
     D:6: 1236 daAuts
  WizLab: 1189 daAuts
  Lair:4: 1139 daAuts
    D:14: 1134 daAuts
    D:11: 1090 daAuts
  Lair:2: 1078 daAuts
  Lair:5: 1059 daAuts
     D:1: 1021 daAuts
